[Event "RUS Cup Final Women 2018"]
[Site "Khanty-Mansiysk"]
[Date "2018.12.07"]
[Round "2.1"]
[White "Shuvalova, Polina"]
[Black "Charochkina, Daria"]
[Result "1-0"]
[ECO "B13"]
[WhiteElo "2441"]
[BlackElo "2344"]
[Annotator "NA"]
[PlyCount "157"]
[EventDate "2018.12.05"]
[EventType "k.o."]
[EventCountry "RUS"]
[SourceTitle "playchess.com"]
[Source "ChessBase"]
[SourceQuality "1"]
[TimeControl "5400+30"]

1. e4 c6 2. d4 d5 3. exd5 cxd5 4. Bd3 Nc6 5. c3 Qc7 6. Ne2 Bg4 7. O-O {[%emt 0:00:02] B13: Caro-Kann: Exchange Variation and Panov-Botvinnik Attack} Nf6 {[%emt 0:00:29] LiveBook: 20 Games} (7... e6 8. Qe1 Bxe2 9. Qxe2 Nf6 10. Nd2 Bd6 11. g3 O-O 12. f4 a6 13. Nf3 b5 14. a3 Ne7 {½-½ (52) Le,Q (2715)-Nisipeanu,L (2661) Batumi 2018}) 8. Qe1 e6 9. Bg5 Bxe2 10. Qxe2 Bd6 11. g3 h6 12. Be3 $146 ({Predecessor:} 12. Bxf6 gxf6 13. Nd2 O-O-O 14. b4 h5 {0-1 (67) Lukasiewicz,A (2094)-Rozycki,B (2145) Jastrzebia Gora 2018}) 12... O-O 13. Nd2 e5 14. dxe5 Nxe5 15. Bf5 Rfe8 16. Rae1 Nc4 17. Nxc4 dxc4 18. Qf3 Bc5 19. Bf4 Qb6 20. Be5 Re7 21. Re2 Rae8 22. Rfe1 g6 23. Bh3 Qc6 24. Qxc6 bxc6 25. Kf1 Nd5 26. Bg2 Re6 27. Bd4 Bxd4 28. cxd4 Rxe2 29. Rxe2 Rd8 30. Rc2 Nb6 31. Rd2 c5 32. d5 Nc8 33. Ke1 Nd6 34. Re2 Kf8 35. Kd2 Rb8 36. Kc2 h5 37. h4 Nb5 38. Re3 Nd6 (38... Nd4+ $14 39. Kc3 Nf5) 39. Bf1 (39. Ra3 $16) 39... Rb7 40. Kc3 Rb4 41. Kc2 Rb7 42. Ra3 Ke7 43. Ra6 Kd7 44. Bh3+ f5 45. f4 Rc7 46. Bg2 Rb7 47. Kc3 Rc7 48. Bh1 Rb7 49. Bf3 Rc7 50. Be2 Rb7 51. Bxc4 Ne4+ 52. Kc2 Nd6 53. Be2 Rc7 54. Bd3 Rb7 55. Kc3 Rc7 56. Bc2 Nb5+ 57. Kc4 $18 Nd6+ 58. Kd3 Ke7 59. Ba4 Rb7 60. Kc2 Rc7 61. Kd1 Rb7 62. Kc1 Rc7 63. Kc2 Rb7 64. a3 Rc7 65. b3 c4 66. b4 c3 67. Rc6 Rb7 68. Kxc3 Ne4+ 69. Kd4 Nd6 70. Bc2 Rd7 71. Bd3 Rb7 72. Kc5 Rd7 73. a4 Nb7+ 74. Kd4 Nd6 75. a5 Rb7 76. Kc5 Rd7 77. a6 Rd8 78. Rc7+ Rd7 79. Kc6 1-0

[Event "RUS Cup Final Women 2018"]
[Site "Khanty-Mansiysk"]
[Date "2018.12.10"]
[Round "3.2"]
[White "Shuvalova, Polina"]
[Black "Guseva, Marina"]
[Result "1/2-1/2"]
[ECO "B92"]
[WhiteElo "2441"]
[BlackElo "2408"]
[Annotator "ChessBase"]
[PlyCount "85"]
[EventDate "2018.12.05"]
[EventType "k.o."]
[EventCountry "RUS"]
[SourceTitle "playchess.com"]
[Source "ChessBase"]
[SourceQuality "1"]
[TimeControl "5400+30"]

1. e4 c5 2. Nf3 d6 3. d4 cxd4 4. Nxd4 Nf6 5. Nc3 a6 6. Be2 e5 7. Nb3 Be7 8. O-O O-O 9. Qd3 Be6 10. Bd2 Nbd7 11. Nd5 Bxd5 12. exd5 a5 13. Qb5 b6 14. Rad1 Qc7 15. c4 a4 16. Nc1 Qc5 17. Qxc5 bxc5 18. Nd3 Rfb8 19. Bc1 e4 20. Ne1 Ne5 21. Nc2 Nfd7 22. f3 exf3 23. gxf3 g5 24. Ne3 Bf6 25. Nf5 Ra6 26. Kh1 Kh8 27. Rg1 Ng6 28. Bf1 Nde5 29. Rg3 Nf4 30. h4 gxh4 31. Rg1 Neg6 32. Rg4 Be5 33. Re1 h5 34. Rg5 Bf6 35. Rg1 h3 36. Re4 Be5 37. Rg5 Rab6 38. a3 Rxb2 39. Bxb2 Rxb2 40. Re1 Rb3 41. Bxh3 Rxf3 42. Bf1 Rxa3 43. Rb1 1/2-1/2